 Dungeon Crawl Stone Soup version 0.29-a0-1043-g569b05d6ff (webtiles) character file.

Game seed: 4247921805953821676

135817 Monkooky the Impaler (level 17, -4/144 HPs)
             Began as a Barachi Delver on Aug 15, 2022.
             Was the Champion of Nemelex Xobeh.
             Slain by a harpy (5 damage)
             ... on level 4 of the Shoals.
             The game lasted 02:07:31 (40182 turns).

Monkooky the Impaler (Barachi Delver)              Turns: 40182, Time: 02:07:32

Health: -4/144     AC: 22    Str: 24    XL:     17   Next: 20%
Magic:  19/24      EV: 11    Int: 12    God:    Nemelex Xobeh [******]
Gold:   3121       SH:  5    Dex: 12    Spells: 14/16 levels left

rFire   . . .      SeeInvis +   I - +12 glaive of Prune {vorpal}
rCold   . . .      Faith    .   (shield currently unavailable)
rNeg    . . .      Spirit   .   A - +3 chain mail
rPois   +          Reflect  +   d - +2 helmet {SInv}
rElec   .          Harm     .   R - +0 cloak
rCorr   +          Rampage  .   G - +0 pair of gloves
Will    ++...                   l - +0 pair of boots
Stlth   ..........              Z - amulet of Amok {Reflect rPois rCorr SH+5}
HPRegen 0.00/turn               F - +4 ring of slaying
MPRegen 0.19/turn               Y - ring of willpower

@: about to teleport, marked, unable to hop, mesmerised, inhibited regen, slow
A: amphibious, slowness 1, strong legs 2, +LOS, inhibited regeneration, strong 1
a: Hop, Renounce Religion, Draw Escape, Draw Destruction, Draw Summoning, Draw
Stack, Triple Draw, Deal Four, Stack Five


You were on level 4 of the Shoals.
You worshipped Nemelex Xobeh.
Nemelex Xobeh was exalted by your worship.
You visited 5 branches of the dungeon, and saw 27 of its levels.
You also visited: Gauntlet.

You collected 3135 gold pieces.
You spent 14 gold pieces at shops.

Inventory:

Hand Weapons
 h - the +5 lochaber axe {reach-cleave, poleaxe}
   (You acquired it on level 8 of the Dungeon)

   It can be evoked to extend its reach, and strikes at all foes within reach,
   dealing less damage to those not targeted.
   It uses either Axes or Polearms skill, whichever is higher.
 I - the +12 glaive of Prune (weapon) {vorpal}
   (You found it on level 6 of the Dungeon)

   It inflicts extra damage upon your enemies.
   It halves damage taken while paralysed, petrified or unconscious.
Missiles
 u - 6 silver javelins
 N - 46 poisoned darts
 V - 4 throwing nets
Armour
 d - a +2 helmet of see invisible (worn)
 l - a +0 pair of boots (worn)
 A - a +3 chain mail (worn)
 G - a +0 pair of gloves (worn)
 K - the +4 ring mail "Tuagim" {rElec Str+4}
   (You took it off a minotaur in a Gauntlet)

   Str:       It affects your strength (+4).
   rElec:     It insulates you from electricity.
 R - a +0 cloak (worn)
Jewellery
 F - a +4 ring of slaying (left hand)
 Y - a ring of willpower (right hand)
 Z - the amulet of Amok (around neck) {Reflect rPois rCorr SH+5}
   (You found it on level 10 of the Dungeon)

   [amulet of reflection]

   It reflects blocked missile attacks.
   rPois:     It protects you from poison.
   rCorr:     It protects you from acid and corrosion.
   SH:        It affects your SH (+5).
Wands
 i - a wand of flame (10) (quivered)
 r - a wand of quicksilver (23)
 w - a wand of roots (4)
 O - a wand of mindburst (2)
 Q - a wand of polymorph (8)
 S - a wand of charming (20)
 X - a wand of digging (8)
Scrolls
 c - a scroll of fog
 e - a scroll of summoning
 g - 6 scrolls of teleportation
 j - 4 scrolls of identify
 o - a scroll of brand weapon
 p - 2 scrolls of poison
 t - 2 scrolls of blinking
 v - 3 scrolls of immolation
 y - 4 scrolls of magic mapping
 B - 8 scrolls of butterflies
 C - a scroll of enchant armour
 D - 7 scrolls of fear
 J - 3 scrolls of vulnerability
 P - a scroll of amnesia
Potions
 a - a potion of berserk rage
 b - 6 potions of flight
 f - 3 potions of haste
 k - 3 potions of might
 m - 5 potions of mutation
 n - 3 potions of magic
 q - 7 potions of curing
 s - a potion of brilliance
 z - 4 potions of resistance
 E - 3 potions of attraction
 H - 8 potions of heal wounds
 L - 3 potions of cancellation
 M - a potion of invisibility
 T - 4 potions of lignification
 W - a potion of ambrosia
Miscellaneous
 x - a box of beasts


   Skills:
 - Level 16.0 Fighting
 - Level 2.2 Short Blades
 - Level 4.1(14.7) Axes
 - Level 19.8(20.0) Polearms
 - Level 4.6 Throwing
 - Level 10.7 Armour
 - Level 8.6 Dodging
 - Level 4.5 Stealth
 - Level 10.1 Invocations
 * Level 10.2 Evocations


You had 14 spell levels left.
You knew the following spells:

 Your Spells              Type           Power      Damage    Failure   Level
a - Passwall              Tmut/Erth      0%         N/A       95%         2

Your spell library contained the following spells:

 Spells                   Type           Power      Damage    Failure   Level
 Foxfire                  Conj/Fire      0%         2x1d4     86%         1
 Magic Dart               Conj           0%         1d3       86%         1
 Shock                    Conj/Air       0%         1d3       86%         1
 Ensorcelled Hibernation  Hex/Ice        0%         N/A       95%         2
 Poisonous Vapours        Pois/Air       0%         N/A       95%         2
 Dazzling Flash           Conj/Hex       0%         N/A       99%         3
 Frozen Ramparts          Ice            0%         1d1       99%         3
 Swiftness                Air            0%         N/A       99%         3
 Ice Form                 Ice/Tmut       0%         N/A       100%        4
 Iskenderun's Mystic Bla  Conj/Tloc      0%         2d3       100%        4
 Leda's Liquefaction      Hex/Erth       0%         N/A       100%        4
 Olgreb's Toxic Radiance  Pois           0%         N/A       100%        4
 Petrify                  Tmut/Erth      0%         N/A       100%        4
 Summon Ice Beast         Ice/Summ       0%         N/A       100%        4
 Lee's Rapid Deconstruct  Erth           0%         3d5*      100%        5
 Metabolic Englaciation   Hex/Ice        0%         N/A       100%        5
 Silence                  Hex/Air        0%         N/A       100%        5
 Summon Mana Viper        Hex/Summ       0%         N/A       100%        5
 Dispersal                Tloc           0%         N/A       100%        6
 Iron Shot                Conj/Erth      0%         9d1       100%        6
 Starburst                Conj/Fire      0%         6d3       100%        6
 Statue Form              Tmut/Erth      0%         N/A       100%        6
 Orb of Destruction       Conj           0%         9d5       100%        7
 Ozocubu's Refrigeration  Ice            0%         4d7       100%        7
 Storm Form               Tmut/Air       0%         N/A       100%        7
 Disjunction              Tloc           0%         N/A       100%        8
 Ignition                 Fire           0%         3d3       100%        8
 Maxwell's Capacitive Co  Air            0%         ∞         100%        8


Dungeon Overview and Level Annotations

Branches:
Dungeon (15/15)            Temple (0/1) D:4            Lair (5/5) D:11
 Shoals (4/4) Lair:3       Spider (1/4) Lair:2        Slime (0/5) Lair:5
    Orc (2/2) D:12            Elf (0/3) Orc:2        Vaults (0/5) D:14
 Depths (0/4) D:15        Gauntlet (visited)

Altars:
Ashenzari
Nemelex Xobeh
Sif Muna
Trog
Jiyva

Shops:
D:11 (   Orc:2 =!=?(!**

Portals:
Pandemonium: Orc:2

Annotations:
D:4 Eustachio
D:9 3 runed translucent doors
Shoals:4 Mara


Innate Abilities, Weirdness & Mutations

You are amphibious.
You cover ground slowly.
You can hop long distances.
You have an extended range of vision and can be seen from far away.
You do not regenerate when monsters are visible.
Your muscles are strong. (Str +4, Int/Dex -1)


Message History

* * * LOW HITPOINT WARNING * * *
The merfolk siren chants its luring song.
You feel much better.
The grasping roots constrict the sea snake! x2
The grasping roots constrict the merfolk!
You kill the merfolk!
You hear a splash.
The grasping roots constrict the snapping turtle!
The sea snake bites you.
* * * LOW HITPOINT WARNING * * *
The sea snake bites you but does no damage.
Mara blinks!
Your rakshasa struggles against the net.
The snapping turtle bites you from afar!!
* * * LOW HITPOINT WARNING * * *
The merfolk hits you from afar with a +0 trident!!
* * * LOW HITPOINT WARNING * * *
The merfolk hits your rakshasa with a +0 trident!
You block the merfolk's attack.
The merfolk siren chants its luring song.
A harpy comes into view.
Your soul eater hits the sea snake!
The sea snake bites you but does no damage.
A harpy comes into view.
The sea snake bites you but does no damage.
Blink to where?
Press: ? - help, Dir - move target
Okay, then.
Blink to where?
Press: ? - help, Dir - move target The roots lose their grip on something.
A harpy and a merfolk siren come into view.
As you read the scroll of blinking, it crumbles to dust.
The grasping roots constrict the sea snake!
The grasping roots constrict the snapping turtle!
The roots release their grip on the sea snake.
The roots release their grip on the snapping turtle.
The harpy claws you.
You die...
Your body glows with a rainbow of weird colours and disappears.

~~~~~~~~..~~≈≈≈≈≈≈≈≈≈≈~#,,,,,+,,~
~~≈..~~~..~~≈≈≈≈≈≈≈≈≈≈~#,,,,,*,,,
~~~..~~~~..~~≈≈≈≈≈≈≈≈≈~##~~,**,,,
~....~~~~m.~~≈≈≈≈≈≈≈≈≈~~#*+**,,,,
.....#####.~~~~~~~~≈≈≈~~.~~,,,,,,
....##~~.##.~~~~~~~~≈≈~~~~~~,,,,,
....#.~~~~#.......~~~~~~~~~~~~~~,
...~#~~[~~#........~~~~~~~~~~~~~~
....#~~~~~#...##@H.H.H..~~~~~~~~~
....##~)~##.............~~~~~~~~~
....~##'##............m..~~~~~~~~
~~..~~†~....~~...........~~~~~~~~
~~....~~...~~≈~..........~~~~~~~~
~~.....#####≈≈≈~......###**~~~~~~
~).=..##...##≈≈~...m.##,~~**~~~~~
~.....#.....#≈≈~†..t.#....~*~~~~~
......)).}..#≈≈~~§S.k'.R|~~*~~≈~~


You could see a sea snake, a snapping turtle, a wind drake (repels missiles), a
merfolk, 2 merfolk sirens and 3 harpies.

Vanquished Creatures
  A kraken (Shoals:2)
  Polyphemus (Shoals:1)
  An orc warlord (Orc:2)
  A minotaur (Gauntlet)
  A merfolk javelineer (Shoals:2)
  An ettin (Orc:2)
  5 merfolk impalers
  4 hydras
  Harold (D:10)
  2 boulder beetles
  Erolcha (D:11)
  A vault guard (D:14)
  3 catoblepae
  Erica (Lair:2)
  17 death yaks
  5 centaur warriors
  3 demonspawn (Orc:2)
  8 merfolk avatars
  3 two-headed ogres
  A deep troll shaman (Lair:5)
  4 orc high priests (Orc:2)
  Amaemon (D:8)
  A sixfirhy (Orc:2)
  A pharaoh ant (Lair:2)
  8 skeletal warriors
  8 sea snakes
  2 deep elf zephyrmancers (D:15)
  A lindwurm (Lair:5)
  A necromancer (D:15)
  7 harpies
  5 orc knights
  9 orc sorcerers
  9 ugly things (D:15)
  5 fauns (Shoals:1)
  5 cyclopes
  An oklob plant (Lair:4)
  17 manticores
  13 elephants
  A moth of wrath (Gauntlet)
  A worldbinder (Gauntlet)
  5 merfolk sirens
  A centaur zombie (D:15)
  A naga mage (D:15)
  3 black mambas
  2 centaur skeletons (D:15)
  3 orange demons
  11 water nymphs
  6 cane toads
  2 smoke demons (D:9)
  An eye of devastation (Orc:2)
  2 gargoyles
  Psyche (D:8)
  A tengu conjurer (D:15)
  5 rime drakes
  An ice devil (D:9)
  2 hellwings
  12 komodo dragons
  8 trolls
  A polar bear (Lair:1)
  3 meliai (D:14)
  13 merfolk
  A wind drake (shapeshifter) (D:14)
  11 wind drakes
  8 blink frogs (Lair:2)
  2 raiju (Gauntlet)
  3 dream sheep (Shoals:2)
  9 slime creatures
  10 snapping turtles
  A jumping spider (Lair:2)
  4 wraiths
  5 culicivoras (Lair:2)
  Sigmund (D:2)
  A shadow (D:12)
  3 water elementals
  2 vampires
  A ynoxinul (Orc:2)
  3 wyverns
  A steam dragon (D:8)
  35 yaks
  A redback (Lair:2)
  5 basilisks
  A chaos spawn (D:9)
  A neqoxec (D:9)
  4 vampire mosquitoes (D:11)
  A warg (Orc:2)
  2 acid dragons
  12 water moccasins
  37 orc warriors
  4 sky beasts
  5 ogres
  A black bear (shapeshifter) (D:14)
  6 black bears
  5 boggarts
  23 wolves
  16 centaurs
  2 phantoms (D:4)
  2 kobold brigands
  Blork the orc (D:6)
  7 scorpions
  18 bullfrogs
  6 wights
  3 killer bees (D:8)
  An electric eel (Lair:2)
  A howler monkey (D:4)
  2 jellies
  3 hounds
  A gnoll bouda (D:9)
  23 orc priests
  4 iguanas
  Ijyb (D:3)
  Terence (D:2)
  25 orc wizards
  Natasha (twice) (D:2)
  4 hell rats (Lair:3)
  2 lightning spires (Gauntlet)
  A boggart simulacrum (D:15)
  6 adders
  7 gnolls
  2 worms (D:4)
  4 dart slugs
  61 orcs
  10 ball pythons
  10 endoplasms
  7 giant cockroaches
  14 goblins
  6 hobgoblins
  11 jackals (D:1)
  4 quokkas
  3 bats
  3 frilled lizards
  14 kobolds
  6 rats
  2 tentacles (Shoals:2)
750 creatures vanquished.

Vanquished Creatures (collateral kills)
  A spark wasp (Shoals:4)
  A wolf spider (Lair:2)
  A water nymph (Shoals:3)
  A merfolk (Shoals:3)
  A snapping turtle (Shoals:3)
  A redback (Lair:2)
6 creatures vanquished.

Vanquished Creatures (others)
  An orc (Orc:1)
  10 demonic plants
  24 fungi
  65 plants
  10 tentacles (Shoals:2)
  13 withered plants (Gauntlet)
123 creatures vanquished.

Grand Total: 879 creatures vanquished

Notes
Turn   | Place    | Note
-------+----------+-------------------------------------------
     0 | D:5      | Monkooky the Barachi Delver began the quest for the Orb.
     0 | D:5      | Reached XP level 1. HP: 18/18 MP: 1/1
     2 | D:5      | Got the Disquisition on Curses and Confrontation
    74 | D:5      | Noticed a scorpion
   120 | D:4      | Noticed Eustachio
   175 | D:4      | Noticed a hound
   497 | D:3      | Noticed Ijyb
   526 | D:2      | Reached XP level 2. HP: 25/25 MP: 2/2
   562 | D:2      | Noticed Sigmund
   657 | D:1      | Reached skill level 1 in Evocations
   867 | D:1      | Found a faded altar of an unknown god.
   877 | D:1      | Prayed at the altar of an unknown god.
   877 | D:1      | Became a worshipper of Nemelex Xobeh the Trickster
   877 | D:1      | Reached * piety under Nemelex Xobeh
   877 | D:1      | Received a gift from Nemelex Xobeh
   975 | D:1      | Reached XP level 3. HP: 24/31 MP: 3/3
  1863 | D:1      | Reached XP level 4. HP: 37/38 MP: 4/4
  2047 | D:2      | Noticed Terence
  2069 | D:2      | Killed Terence
  2070 | D:2      | Reached skill level 1 in Armour
  2535 | D:2      | Noticed Natasha
  2538 | D:2      | Killed Sigmund
  2539 | D:2      | Reached XP level 5. HP: 31/43 MP: 5/5
  2539 | D:2      | Reached XP level 6. HP: 36/49 MP: 6/6
  2541 | D:2      | Killed Natasha
  2753 | D:2      | Noticed Natasha
  2771 | D:2      | Killed Natasha
  3167 | D:3      | Killed Ijyb
  3168 | D:3      | Reached skill level 1 in Invocations
  3384 | D:3      | Reached ** piety under Nemelex Xobeh
  3554 | D:3      | Found a bloodstained altar of Trog.
  3765 | D:4      | Found a staircase to the Ecumenical Temple.
  3776 | D:4      | Reached XP level 7. HP: 50/55 MP: 8/8
  4712 | D:4      | Reached skill level 5 in Invocations
  4712 | D:4      | Reached XP level 8. HP: 37/61 MP: 11/11
  5437 | D:4      | Reached skill level 5 in Fighting
  6153 | D:5      | Reached skill level 1 in Axes
  7069 | D:6      | Found the +12 glaive of Prune {vorpal}
  7165 | D:6      | Reached skill level 1 in Polearms
  7212 | D:6      | Noticed Blork the orc
  7227 | D:6      | Killed Blork the orc
  7228 | D:6      | Reached skill level 2 in Polearms
  7239 | D:6      | Received a gift from Nemelex Xobeh
  7319 | D:6      | Reached skill level 3 in Polearms
  7530 | D:6      | Reached XP level 9. HP: 65/66 MP: 12/12
  7552 | D:6      | Reached *** piety under Nemelex Xobeh
  7717 | D:7      | Reached skill level 4 in Polearms
  7799 | D:7      | Reached skill level 5 in Polearms
  8164 | D:7      | Reached skill level 6 in Polearms
  8236 | D:7      | Received a gift from Nemelex Xobeh
  9389 | D:8      | Noticed Amaemon
  9461 | D:8      | Received a gift from Nemelex Xobeh
  9465 | D:8      | Identified a scroll of acquirement
  9466 | D:8      | Acquired the +5 lochaber axe {reach-cleave, poleaxe}
  9466 | D:8      | Found the +5 lochaber axe {reach-cleave, poleaxe}
  9492 | D:8      | Noticed an orange demon
  9501 | D:8      | Noticed Psyche
  9506 | D:8      | Killed an orange demon
  9511 | D:8      | Reached XP level 10. HP: 54/77 MP: 14/14
  9511 | D:8      | Killed Psyche
 10026 | D:8      | Killed Amaemon
 10384 | D:9      | Noticed a sixfirhy
 10387 | D:9      | Noticed a smoke demon
 10387 | D:9      | a sixfirhy changed into a smoke demon
 10410 | D:9      | Killed a smoke demon
 10809 | D:9      | Noticed a smoke demon
 10813 | D:9      | Reached skill level 7 in Polearms
 10813 | D:9      | Gained mutation: You do not regenerate when monsters are
                  | visible. [a neqoxec]
 10814 | D:9      | Gained mutation: Your muscles are strong. (Str +4, Int/Dex
                  | -1) [a neqoxec]
 10820 | D:9      | Killed a smoke demon
 10966 | D:9      | Received a gift from Nemelex Xobeh
 11093 | D:9      | Reached skill level 8 in Polearms
 11404 | D:9      | Found a runed translucent gate.
 11404 | D:9      | Found a runed translucent gate.
 11405 | D:9      | Found a runed translucent gate.
 11405 | D:9      | Noticed a brown ugly thing
 11406 | D:9      | Noticed a red ugly thing
 11408 | D:9      | Noticed a cyan ugly thing
 11409 | D:9      | Noticed a moth of wrath
 11410 | D:9      | Noticed a brown ugly thing
 11487 | D:10     | Entered Level 10 of the Dungeon
 11496 | D:10     | Noticed Harold
 11509 | D:10     | Killed Harold
 11510 | D:10     | Reached skill level 9 in Polearms
 11510 | D:10     | Reached XP level 11. HP: 45/83 MP: 15/15
 11817 | D:10     | Reached skill level 10 in Polearms
 12717 | D:10     | Identified the amulet of Amok {Reflect rPois rCorr SH+5}
 13186 | D:11     | Reached skill level 11 in Polearms
 13302 | D:11     | Received a gift from Nemelex Xobeh
 13433 | D:11     | Noticed Erolcha
 13434 | D:11     | Killed Erolcha
 13546 | D:11     | Noticed a two-headed ogre
 13551 | D:11     | Killed a two-headed ogre
 13558 | D:11     | Reached skill level 12 in Polearms
 13855 | D:11     | Found Utzi's Antique Weapon Shop.
 14027 | D:11     | Reached **** piety under Nemelex Xobeh
 14170 | D:11     | Found a staircase to the Lair.
 14174 | D:11     | Reached skill level 13 in Polearms
 14206 | Lair:1   | Entered Level 1 of the Lair of Beasts
 14251 | Lair:1   | Reached XP level 12. HP: 89/89 MP: 16/16
 14336 | Lair:1   | Identified the +3 buckler of Unambiguity {+Blink}
 14419 | Lair:1   | Received a gift from Nemelex Xobeh
 14636 | Lair:1   | Reached skill level 5 in Armour
 14967 | Lair:1   | Reached skill level 5 in Dodging
 15468 | Lair:2   | Reached ***** piety under Nemelex Xobeh
 16308 | Lair:2   | Reached skill level 10 in Fighting
 16308 | Lair:2   | Gained mutation: You can hop long distances. [Barachi
                  | growth]
 16308 | Lair:2   | Reached XP level 13. HP: 13/103 MP: 17/17
 16354 | Lair:2   | Noticed Erica
 16654 | Lair:2   | Found a hole to the Spider Nest.
 16927 | Lair:2   | Killed Erica
 17039 | Lair:2   | Received a gift from Nemelex Xobeh
 17871 | Lair:3   | Found a staircase to the Shoals.
 18759 | Lair:3   | Received a gift from Nemelex Xobeh
 19377 | Lair:4   | Reached skill level 14 in Polearms
 19380 | Lair:4   | Reached XP level 14. HP: 93/115 MP: 20/20
 19670 | Lair:4   | Received a gift from Nemelex Xobeh
 19749 | Lair:4   | Found the +3 salamander hide armour {Flames rF++ rC--}
 19880 | Lair:4   | Received a gift from Nemelex Xobeh
 20260 | Lair:4   | Learned a level 2 spell: Passwall
 20329 | Lair:5   | Entered Level 5 of the Lair of Beasts
 20482 | Lair:5   | Found a staircase to the Slime Pits.
 20484 | Lair:5   | Found a viscous altar of Jiyva.
 20643 | Lair:5   | Received a gift from Nemelex Xobeh
 20775 | Lair:5   | Reached ****** piety under Nemelex Xobeh
 21409 | Lair:5   | Received a gift from Nemelex Xobeh
 22018 | D:12     | Found a staircase to the Orcish Mines.
 22335 | D:12     | Reached skill level 15 in Polearms
 22772 | Orc:1    | Entered Level 1 of the Orcish Mines
 22789 | D:12     | Upgraded the game from 0.29-a0-1033-gb6c65ffae6 to
                  | 0.29-a0-1043-g569b05d6ff
 24322 | Orc:2    | Entered Level 2 of the Orcish Mines
 24322 | Orc:2    | Found Wauzerast's Distillery.
 24328 | Orc:2    | Bought a potion of degeneration for 14 gold pieces
 24333 | Orc:2    | Found Vymmozor's Jewellery Shop.
 24336 | Orc:2    | Found a staircase to the Elven Halls.
 24482 | Orc:2    | Found a gate leading to a gauntlet.
 24492 | Gauntlet | Entered a Gauntlet
 24492 | Gauntlet | Found a transporter.
 24492 | Gauntlet | Found a transporter.
 24492 | Gauntlet | Found a transporter.
 24495 | Gauntlet | Found a transporter.
 24495 | Gauntlet | Found a transporter.
 24497 | Gauntlet | Found a transporter.
 24505 | Gauntlet | Found a transporter.
 24507 | Gauntlet | Received a gift from Nemelex Xobeh
 24508 | Gauntlet | Found a transporter.
 24509 | Gauntlet | Found a transporter.
 24509 | Gauntlet | Found a transporter.
 24511 | Gauntlet | Found a large runed translucent door.
 24511 | Gauntlet | Found a large runed translucent door.
 24512 | Gauntlet | Found a large runed translucent door.
 24512 | Gauntlet | Found a large runed translucent door.
 24513 | Gauntlet | Found a large runed translucent door.
 24513 | Gauntlet | Found a large runed translucent door.
 24513 | Gauntlet | Found a runed translucent door.
 24513 | Gauntlet | Found a runed translucent door.
 24514 | Gauntlet | Found a large runed translucent door.
 24514 | Gauntlet | Found a large runed translucent door.
 24515 | Gauntlet | Found a large runed translucent door.
 24515 | Gauntlet | Found a large runed translucent door.
 24515 | Gauntlet | Found a large runed translucent door.
 24516 | Gauntlet | Found a large runed translucent door.
 24516 | Gauntlet | Found a large runed translucent door.
 24516 | Gauntlet | Found a large runed translucent door.
 24517 | Gauntlet | Found a runed translucent gate.
 24517 | Gauntlet | Found a runed translucent gate.
 24517 | Gauntlet | Found a runed translucent gate.
 24519 | Gauntlet | Found a transporter.
 24520 | Gauntlet | Found a transporter.
 24531 | Gauntlet | Found a large runed translucent door.
 24539 | Gauntlet | Found a large runed translucent door.
 25077 | Gauntlet | Identified the +0 hat of Kanyput {Int+2}
 25090 | Gauntlet | Identified the +4 ring mail "Tuagim" {rElec Str+4}
 25120 | Gauntlet | Identified the +0 ring mail "Usuel" {Fly rElec Str+6 Dex+3}
 25122 | Gauntlet | Identified the +1 leather armour of Shadows and Fog {rPois}
 25123 | Gauntlet | Got Sif Muna's Spellbook of the Brume
 25538 | Orc:2    | Received a gift from Nemelex Xobeh
 25998 | Orc:2    | Found Rotob's Magic Scroll Shoppe.
 26525 | Orc:2    | Found Ykeabin's Distillery.
 27124 | Orc:2    | Reached skill level 15 in Fighting
 27124 | Orc:2    | Reached skill level 16 in Polearms
 27124 | Orc:2    | Reached XP level 15. HP: 109/129 MP: 21/21
 28037 | Orc:2    | Found Byitt's Antique Weapon Boutique.
 28037 | Orc:2    | Found Zoapteph's Jewellery Shop.
 28038 | Orc:2    | Found a one-way gate leading to the halls of Pandemonium.
 28132 | Orc:2    | Found Affapang's Assorted Antiques.
 28141 | Orc:2    | Found a shimmering blue altar of Sif Muna.
 28201 | Orc:2    | Noticed an orc warlord
 28222 | Orc:2    | Killed an orc warlord
 28450 | Orc:2    | Got Sif Muna's Catalogue of Battle Magic
 28482 | Orc:2    | Found Peasom's Assorted Antiques.
 28767 | Spider:1 | Entered Level 1 of the Spider Nest
 29828 | D:13     | Received a gift from Nemelex Xobeh
 30258 | D:14     | Found a sparkling altar of Nemelex Xobeh.
 30388 | D:14     | Received a gift from Nemelex Xobeh
 30621 | D:14     | Found a gate to the Vaults.
 31136 | D:14     | Reached skill level 10 in Armour
 31417 | D:15     | Entered Level 15 of the Dungeon
 32044 | D:15     | Received a gift from Nemelex Xobeh
 32123 | D:15     | Reached skill level 10 in Invocations
 32491 | D:15     | Found a staircase to the Depths.
 32512 | D:15     | Found a broken altar of Ashenzari.
 33057 | D:15     | Received a gift from Nemelex Xobeh
 33108 | D:15     | Reached XP level 16. HP: 94/138 MP: 23/23
 34024 | Shoals:1 | Entered Level 1 of the Shoals
 34378 | Shoals:1 | Reached skill level 17 in Polearms
 35053 | Shoals:1 | Received a gift from Nemelex Xobeh
 35858 | Shoals:1 | Acquired 737 gold pieces
 36061 | Shoals:2 | Noticed Polyphemus
 36110 | Shoals:1 | Killed Polyphemus
 36111 | Shoals:1 | Reached skill level 18 in Polearms
 36685 | Shoals:2 | Noticed a kraken
 36697 | Shoals:2 | Killed a kraken
 36956 | Shoals:2 | Received a gift from Nemelex Xobeh
 37926 | Shoals:3 | Received a gift from Nemelex Xobeh
 37936 | Shoals:3 | Reached skill level 19 in Polearms
 39204 | Shoals:4 | Entered Level 4 of the Shoals
 39222 | Shoals:3 | Reached XP level 17. HP: 70/144 MP: 24/24
 40014 | Shoals:4 | Received a gift from Nemelex Xobeh
 40168 | Shoals:4 | Reached skill level 10 in Evocations
 40179 | Shoals:4 | Noticed Mara
 40181 | Shoals:4 | HP: 1/144 [merfolk/+0 trident (20)]
 40182 | Shoals:4 | Slain by a harpy

Illustrated notes

Levels and vault maps discovered:
D:1:      dpeg_arrival_yet_another_circle, layout_loops_corners,
          ebering_ecumenical_altar_rust, minmay_misc_feat_plants, st_stairs_14,
          patterned_corridor
D:2:      layout_basic, minmay_heptomino_o4, uniq_sigmund, uniq_natasha,
          uniq_terence
D:3:      layout_loops_ring, general_overflow_altar, uniq_ijyb
D:4:      minmay_razor_zed, layout_loops_ring, minmay_temple_entry_glass,
          portal_sewer_entry_d, uniq_eustachio
D:5:      layout_loops_ring
D:6:      minmay_flawed_box, layout_gridville, minmay_misc_feat_hallway,
          uniq_blork_the_orc
D:7:      layout_basic
D:8:      layout_loops_ring, lemuel_flame_loot_1, uniq_psyche, uniq_amaemon
D:9:      layout_basic, ploomutoo_gammafunk_ghost_potion_laboratory,
          serial_demonic, serial_demonic_d, serial_demonic_d, serial_demonic_b,
          serial_demonic_g
D:10:     layout_loops_ring, serial_glass, glass_columns_b, glass_columns_b,
          glass_columns_b, minmay_strange_pillars, feat_on_display,
          minmay_strange_pillars, item_on_display_a, uniq_harold
D:11:     layout_roguey, grunt_lair_entry_orc_guard_hut, serial_shops, shop,
          uniq_erolcha
D:12:     layout_irregular_city, orc_0_dummy
D:13:     layout_cave_pools
D:14:     layout_roguey, david_vaults_5, nemelex_xobeh_ov_fountains_minmay,
          minivault_5
D:15:     grunt_enter_depths_magical_seal, layout_irregular_city,
          nicolae_ashenzari_panopticon, minmay_misc_feat_tower
Lair:1:   layout_loops_ring
Lair:2:   layout_regular_city, hellmonk_spider_entry_life_and_decay,
          beast_lair_carwin_3, grunt_megastairs_2, lemuel_fruit_tree,
          infiniplex_staircase_pool, uniq_erica
Lair:3:   layout_gridlike, minmay_shoals_entry_centaurs, grunt_megastairs_1
Lair:4:   layout_regular_city, infiniplex_staircase_pool_2
Lair:5:   grunt_lair_end_beastmaster, layout_regular_city, slime_entry_1,
          minivault_26, serial_bayou_shore_a
Shoals:1: layout_shoals
Shoals:2: layout_shoals, nicolae_shoals_lost_giant_hut, uniq_polyphemus
Shoals:3: layout_shoals, nicolae_shoals_nymph_descending_staircase
Shoals:4: shoals_end_simple, layout_shoals, nicolae_shoals_drake_roost,
          uniq_mara
Spider:1: nicolae_spider_mines_2, hellmonk_narrow_tunnel
Orc:1:    layout_caves, basic_altar
Orc:2:    pf_orc_diabolical, layout_diamond_mine, gauntlet_entry_generic,
          serial_shops, shop, shop_fountains, shop, nicolae_square_shop,
          led_sif_book

Skill      XL: |  1  2  3  4  5  6  7  8  9 10 11 12 13 14 15 16 17 |
---------------+----------------------------------------------------+-----
Fighting       | 4 5 6 10 12 15 16 | 16.0
Evocations     | 1 2 6 9 10 | 10.2
Armour         | 1 3 8 10 | 10.7
Throwing       | 3 4 |  4.6
Invocations    | 2 5 6 9 10 | 10.1
Axes           | 4 |  4.1
Polearms       | 3 6 9 13 14 16 19 | 19.8
Dodging        | 6 8 |  8.6
Short Blades   | |  2.2
Stealth        | |  4.5

Action                   |  1- 3 |  4- 6 |  7- 9 | 10-12 | 13-15 | 16-18 || total
-------------------------+-------+-------+-------+-------+-------+-------++-------
Melee: Dagger            |   168 |   143 |   281 |       |       |       ||   592
       Short sword       |    10 |       |       |       |       |       ||    10
       Punch             |     1 |     4 |     4 |       |       |       ||     9
       War axe           |       |       |    22 |       |       |       ||    22
       Glaive            |       |       |    68 |   255 |   621 |   380 ||  1324
       Lochaber axe      |       |       |       |    45 |   112 |    13 ||   170
Throw: Dart              |       |    15 |    10 |     2 |    33 |       ||    60
 Cast: Passwall          |       |       |       |       |     1 |       ||     1
Invok: Draw Destruction  |       |       |     7 |     8 |    24 |     4 ||    43
       Triple Draw       |       |       |     1 |     2 |       |     1 ||     4
       Draw Escape       |       |       |       |     4 |     2 |       ||     6
       Deal Four         |       |       |       |       |     3 |     3 ||     6
       Stack Five        |       |       |       |       |     1 |       ||     1
       Draw Summoning    |       |       |       |       |     1 |     2 ||     3
       Draw Stack        |       |       |       |       |     1 |       ||     1
 Abil: Hop               |     3 |     1 |     7 |    11 |    21 |     6 ||    49
Evoke: Wand              |     3 |     6 |    10 |    26 |     4 |    13 ||    62
  Use: Scroll            |     2 |       |    14 |     4 |    14 |     6 ||    40
       Potion            |       |       |     1 |     2 |     2 |     1 ||     6
 Stab: Sleeping          |    11 |     2 |     1 |       |       |       ||    14
       Invisible         |       |     3 |     4 |       |       |       ||     7
       Petrifying        |       |       |       |       |     2 |     1 ||     3
       Petrified         |       |       |       |       |       |     4 ||     4
Armor: Leather armour    |    38 |       |       |       |       |       ||    38
       Ring mail         |    23 |     4 |       |       |       |       ||    27
       Scale mail        |       |    42 |   165 |   106 |   114 |       ||   427
       Chain mail        |       |       |       |       |   200 |   147 ||   347
Dodge: Dodged            |    93 |    89 |   165 |   157 |   316 |   108 ||   928
Block: Other             |       |       |       |    41 |   126 |    57 ||   224
       Reflection        |       |       |       |       |    11 |     5 ||    16

Table legend: (Time is in decaauts)
 A = Elapsed time spent in this place.
 B = Non-inter-level travel time spent in this place.
 C = Inter-level travel time spent in this place.
 D = Time resting spent in this place.
 E = Time spent auto-exploring this place.
 F = Levels seen in this place.
 G = Mean time per level.
                   A        B        C        D        E       F      G
               +--------+--------+--------+--------+--------+-----+--------+
         Total |  43448 |  41167 |   2281 |   6844 |  28559 |  28 | 1551.7 |
       Dungeon |  22644 |  21095 |   1549 |   3060 |  15220 |  15 | 1509.6 |
          Lair |   9204 |   8688 |    516 |    933 |   6720 |   5 | 1840.8 |
        Shoals |   6247 |   6169 |     78 |    671 |   4768 |   4 | 1561.8 |
   Spider Nest |      4 |      4 |      0 |      0 |      0 |   1 |    4.0 |
  Orcish Mines |   4602 |   4466 |    136 |   1904 |   1693 |   2 | 2301.0 |
      Gauntlet |    745 |    745 |      0 |    274 |    156 |   1 |  745.0 |
               +--------+--------+--------+--------+--------+-----+--------+

Top non-repeatable levels by time:
   Orc:2: 3824 daAuts
  Lair:2: 2872 daAuts
Shoals:1: 2300 daAuts
  Lair:3: 2254 daAuts
     D:4: 2207 daAuts
     D:1: 2036 daAuts
    D:15: 2025 daAuts
     D:8: 1883 daAuts
Shoals:3: 1772 daAuts
    D:12: 1741 daAuts
    D:10: 1665 daAuts
    D:14: 1629 daAuts
Shoals:2: 1598 daAuts
  Lair:5: 1576 daAuts
  Lair:1: 1493 daAuts
